 Dungeon Crawl Stone Soup version 0.22-a0-785-g6253c82ace (webtiles) character file.

955 Htamos the Cruncher (level 7, -1/64 HPs)
             Began as a Minotaur Gladiator on July 20, 2018.
             Succumbed to a soldier ant's poison
             ... on level 5 of the Dungeon.
             The game lasted 00:06:37 (4531 turns).

Htamos the Cruncher (Minotaur Gladiator)            Turns: 4531, Time: 00:06:38

Health: -1/64      AC:  7    Str: 18    XL:     7   Next: 91%
Magic:  6/6        EV: 11    Int:  5    God:
Gold:   229        SH:  0    Dex: 14    Spells: 6/6 levels left

rFire    . . .     SeeInvis .   a - +0 quarterstaff
rCold    . . .     Gourm    .   (shield currently unavailable)
rNeg     . . .     Faith    .   t - +0 scale mail
rPois    .         Spirit   .   c - +0 hat
rElec    .         Reflect  .   (no cloak)
rCorr    .         Harm     .   k - +0 pair of gloves
MR       .....                  (no boots)
Stlth    ..........             (no amulet)
HPRegen  0.20/turn              u - ring of flight
MPRegen  0.10/turn              (no ring)

@: lethally poisoned (-1 -> -31)
A: retaliatory headbutt, horns 2
a: Evoke Flight


You were on level 5 of the Dungeon.
You were hungry.

You visited 1 branch of the dungeon, and saw 5 of its levels.

You collected 287 gold pieces.
You spent 58 gold pieces at shops.

Inventory:

Hand Weapons
 a - a +0 quarterstaff (weapon)
Missiles
 d - 3 throwing nets (quivered)
Armour
 b - a +0 leather armour
 c - a +0 hat (worn)
 i - a +0 ring mail
 j - the +0 robe "Seiharo" {Int+3 Stlth+}
   (You took it off a gnoll on level 4 of the Dungeon)

   It affects your intelligence (+3).
   It makes you more stealthy.
 k - a +0 pair of gloves (worn)
 n - the +1 large shield of the Dice {*Contam rC++, unknown}
   (You found it on level 5 of the Dungeon)

   It greatly protects you from cold.
   It causes magical contamination when unequipped.
 t - a +0 scale mail (worn)
Jewellery
 g - a +5 ring of intelligence {unknown}
 u - a ring of flight (left hand)
Wands
 r - a wand of iceblast (3)
Scrolls
 e - 3 scrolls of teleportation
 h - a scroll of enchant armour {unknown}
 l - 2 scrolls of remove curse
Potions
 m - a potion of brilliance
 o - a potion of haste {unknown}
 p - a potion of mutation {unknown}
 q - a potion of degeneration
 s - 3 potions of lignification
Comestibles
 f - 8 rations


   Skills:
 + Level 6.7 Fighting
 * Level 9.6 Staves
 - Level 2.0 Throwing
 - Level 3.2 Dodging


You had 6 spell levels left.
You didn't know any spells.
Your spell library contained the following spells:

 Spells                   Type           Power        Failure   Level  Hunger
 Confuse                  Hex            #.......     99%         3    ####...
 Tukima's Dance           Hex            #.......     99%         3    ####...
 Spider Form              Tmut/Pois      #.........   99%         3    ####...
 Blade Hands              Tmut           #.........   100%        5    ######.
 Ice Form                 Ice/Tmut       #.......     100%        4    #####..
 Sticks to Snakes         Tmut           #.......     95%         2    ###....
 Ensorcelled Hibernation  Hex/Ice        #.....       95%         2    ###....
 Corona                   Hex            #......      88%         1    ##.....
 Beastly Appendage        Tmut           #.....       88%         1    ##.....
 Dazzling Spray           Conj/Hex       #.....       99%         3    ####...


Dungeon Overview and Level Annotations

Branches:
Dungeon (5/15)
 Temple: D:4-7

Altars:
Nemelex Xobeh
Yredelemnul

Shops:
D:4 *

Annotations:
D:5 5 runed doors, temitten's ghost, novice DECj


Innate Abilities, Weirdness & Mutations

You reflexively headbutt those who attack you in melee.
You have a pair of horns on your head.


Message History

You feel sick. The soldier ant closely misses you.
You hit the soldier ant but do no damage.
The soldier ant is heavily wounded.
* * * LOW HITPOINT WARNING * * *
You feel sick.
Your scale mail prevents you from hitting the soldier ant.
You headbutt the soldier ant.
The soldier ant is heavily wounded.
* * * LOW HITPOINT WARNING * * *
You feel sick. The soldier ant misses you.
You barely miss the soldier ant. Your headbutt misses the soldier ant.
The soldier ant is heavily wounded.
* * * LOW HITPOINT WARNING * * *
You feel sick. The soldier ant stings you!
* * * LOW HITPOINT WARNING * * *
You are more poisoned.
The soldier ant poisons you!
You sock the soldier ant!
The soldier ant is almost dead.
You die...

##### #...# ###.#.###
##...#...# ###
##..#####.##.....
###.#...#.........#
###..........###.##..
##...###@###...## #
#..###a#a#S###..#
#.##..a#a#aa.##.#
##.#.aaaaaS..S.#.#
#..#....#$#aSS.#.#####
#..#....#?#a.S.#.....#
#..#...#####aSS#.....#
#..##+##yyy##+##.....#
#...## yyy..##......#


You could see 4 soldier ants, a water moccasin and 3 killer bees.

Vanquished Creatures
  2 water moccasins (D:5)
  A sky beast (D:5)
  A scorpion (D:5)
  2 orc priests
  A gnoll shaman (D:4)
  2 hounds
  An iguana (D:5)
  2 orc wizards
  3 worker ants
  12 gnolls
  7 adders
  2 shadow imps (D:5)
  An ooze (D:2)
  An adder skeleton (D:4)
  2 worms
  A dart slug (D:4)
  5 leopard geckos
  19 orcs
  A ball python (D:1)
  6 giant cockroaches
  2 goblins (D:1)
  4 hobgoblins
  3 jackals (D:4)
  6 kobolds
  3 quokkas
  A ball python skeleton (D:4)
  4 bats (D:1)
  6 frilled lizards
  2 gnoll zombies (D:4)
  A rat (D:3)
104 creatures vanquished.

Notes
Turn   | Place    | Note
-------+----------+-------------------------------------------
     0 | D:1      | Htamos the Minotaur Gladiator began the quest for the Orb.
     0 | D:1      | Reached XP level 1. HP: 18/18 MP: 0/0
   236 | D:1      | Reached skill level 4 in Staves
   488 | D:1      | Reached XP level 2. HP: 25/25 MP: 1/1
  1041 | D:2      | Reached XP level 3. HP: 29/31 MP: 2/2
  1126 | D:2      | Reached skill level 5 in Staves
  1145 | D:2      | Found a sparkling altar of Nemelex Xobeh.
  1493 | D:2      | Reached XP level 4. HP: 38/38 MP: 3/3
  2224 | D:3      | Reached skill level 6 in Staves
  2232 | D:3      | Reached XP level 5. HP: 40/46 MP: 4/4
  2365 | D:4      | Found Yceat's Assorted Antiques.
  2370 | D:4      | Bought a scroll labeled LULESO OHULOMPIOZ for 29 gold pieces
  2370 | D:4      | Bought a scroll labeled LULESO OHULOMPIOZ for 29 gold pieces
  2955 | D:4      | Reached skill level 7 in Staves
  2955 | D:4      | Reached XP level 6. HP: 40/53 MP: 5/5
  3101 | D:4      | Reached skill level 5 in Fighting
  3491 | D:4      | Found a basalt altar of Yredelemnul.
  3579 | D:4      | Got an ichor-stained robe
  3590 | D:4      | Identified the +0 robe "Seiharo" {Int+3 Stlth+} (You took it off a gnoll on level 4 of the Dungeon)
  3822 | D:5      | Entered Level 5 of the Dungeon
  3854 | D:5      | Reached skill level 8 in Staves
  3857 | D:5      | Reached XP level 7. HP: 51/61 MP: 6/6
  3920 | D:5      | Noticed temitten's ghost (novice DECj)
  3921 | D:5      | Found a runed gate.
  4113 | D:5      | Found a runed gate.
  4115 | D:5      | Found a runed gate.
  4254 | D:5      | Got an ancient large shield
  4393 | D:5      | Found a runed gate.
  4395 | D:5      | Found a runed door.
  4409 | D:5      | Found a runed gate.
  4409 | D:5      | Found a runed gate.
  4417 | D:5      | Found a runed door.
  4501 | D:5      | Reached skill level 9 in Staves
  4530 | D:5      | HP: 1/64 [soldier ant (7)]
  4531 | D:5      | Succumbed to a soldier ant's poison

Vault maps used:
D:1:      scummos_arrival_hexagon, st_stairs_11, minmay_misc_feat_cross
D:2:      nemelex_dance_club_becter
D:4:      lemuel_zombie_altar_yredelemnul, first_ration, serial_shops,
          kennysheep_little_box
D:5:      gammafunk_ghost_nasty_kobolds, minmay_guarded_unrand_staff_of_olgreb

Skill      XL: |  1  2  3  4  5  6  7 |
---------------+----------------------+-----
Staves         | 4 5 6 7 8 9 |  9.6
Fighting       | 3 4 5 6 |  6.7
Throwing       | |  2.0
Dodging        | |  3.2

Action                   |  1- 3 |  4- 6 |  7- 9 || total
-------------------------+-------+-------+-------++-------
Melee: Quarterstaff      |    59 |   156 |    78 ||   293
       Headbutt          |    12 |    40 |    10 ||    62
  Use: Scroll            |       |    10 |       ||    10
       Potion            |       |     2 |       ||     2
  Eat: Chunk             |     2 |     7 |     2 ||    11
Armor: Leather armour    |     5 |       |       ||     5
       Ring mail         |    21 |    13 |       ||    34
       Scale mail        |       |    27 |    24 ||    51
Dodge: Dodged            |    43 |   102 |    29 ||   174

Table legend:
 A = Spawn XP
 B = Non-spawn XP
 C = Spawn XP percentage of total XP
 D = Spawn monster count
 E = Non-spawn monster count
 F = Spawn count percentage of total count
 G = Total turns spent on level
                    A         B        C        D         E        F      G
               +---------+---------+-------+---------+---------+-------+---------
         Total |       0 |    1365 |   0.0 |       0 |     104 |   0.0 |  4531
               +---------+---------+-------+---------+---------+-------+---------
           D:1 |       0 |      28 |   0.0 |       0 |      18 |   0.0 |   857
           D:2 |       0 |      78 |   0.0 |       0 |      17 |   0.0 |   909
           D:3 |       0 |     134 |   0.0 |       0 |      18 |   0.0 |   823
           D:4 |       0 |     359 |   0.0 |       0 |      35 |   0.0 |  1233
           D:5 |       0 |     766 |   0.0 |       0 |      16 |   0.0 |   709
               +---------+---------+-------+---------+---------+-------+---------
